Unix xNetHack Version 7.1.0 - last build Jul 19 2022 14:02:28 (a8c4666137c2c631a57c77f6261166d76d9e3895). Game began 2022-08-05 14:36:01, ended 2022-08-05 15:08:18. delisma, lawful female dwarven Valkyrie --- ...| |...- |.*.. |.... |f- |h| Q.| .-- Delisma the Skirmisher St:18 Dx:10 Co:19 In:10 Wi:8 Ch:10 Lawful S:682 Dlvl:7 $:10 HP:0(51) Pw:5(5) AC:4 Xp:4/93 T:1305 Latest messages: Break a mirror. Shards bring good luck. You see here a rusty dagger. The gnome suddenly falls asleep! You fall into a pit! You land on a set of sharp iron spikes! You are still in a pit. You are still in a pit. You are still in a pit. You crawl to the edge of the pit. The housecat bites it. The housecat bites it. You see here a stethoscope. K - a stethoscope {4}. What do you want to use or apply? In what direction? Status of the housecat (neutral): Level 4 HP 22(27) AC 5, tame. The housecat bites the gnome. The gnome misses the housecat. You swap places with the peaceful gnome. The housecat bites the gnome. The gnome misses the housecat. The housecat bites the gnome. The gnome is killed! A trap door opens up under you! You fall down a shaft! The kitten bites! What do you want to throw? In what direction? The kitten devours an uncursed food ration. The kitten drops a rock. The kitten drops a rock. The Green-elf swings his elven broadsword. The Green-elf gashes you! You miss the Green-elf. The Green-elf swings his elven broadsword. The Green-elf hacks you! You hit the Green-elf! The Green-elf recoils from your iron dwarvish spear! The Green-elf swings his elven broadsword. The Green-elf lacerates you! The kitten drops a rock. You see here a rock. The Green-elf swings his elven broadsword. The Green-elf slashes you! You die... Do you want your possessions identified? n Do you want to see your attributes? n Do you want an account of creatures vanquished? n Do you want to see your conduct and achievements? n Do you want to see the dungeon overview? n Major events: Turn 1: delisma the lawful dwarven Valkyrie entered the dungeon 731: attained the rank of Skirmisher (level 3) 941: entered the Gnomish Mines 1305: killed by a Green-elf Inventory: Inventory: 577/975 weight (35/52 slots) Coins $ - 10 gold pieces {1} Weapons D - a +1 bow {30} v - 11 +0 darts {11} m - 7 +0 shuriken {7} b - a +0 dagger (alternate weapon; not wielded) {10} a - a blessed +1 dwarvish spear (weapon in hand) {35} o - a +0 axe {60} i - a +0 bec de corbin {100} Armor h - an uncursed +0 orcish helm (being worn) {23} w - an uncursed +0 pair of cloth high boots (being worn) {10} c - a blessed +3 small shield (being worn) {23} Comestibles d - 2 uncursed food rations {40} n - 2 uncursed lembas wafers {10} Scrolls j - a blessed scroll of enchant weapon {5} r - a blessed scroll of identify {5} s - a blessed scroll of light {5} C - a blessed scroll of teleportation {5} Potions z - an uncursed potion of extra healing {20} G - an uncursed potion of gain ability {20} x - a blessed potion of healing {20} l - a blessed potion of invisibility {20} k - a cursed potion of levitation {20} q - an uncursed potion of see invisible {20} g - an uncursed potion of sleeping {20} Rings p - an uncursed ring of regeneration {3} Wands f - a wand of fire (0:6) {7} Tools u - an uncursed plastic blindfold {4} F - an expensive camera (0:57) {12} e - an uncursed oil lamp {20} K - an uncursed stethoscope {4} Gems/Stones A - an uncursed aquamarine stone {1} I - an uncursed jasper stone {1} H - 2 uncursed worthless pieces of green glass {2} B - an uncursed worthless piece of orange glass {1} E - an uncursed worthless piece of violet glass {1} y - 2 uncursed worthless pieces of white glass {2} Delisma the Valkyrie's attributes: Background: You were a Skirmisher, a level 4 dwarven Valkyrie. You were lawful, on a mission for Tyr who was opposed by Odin (neutral) and Loki (chaotic). You were heterosexual. You were in the Gnomish Mines, on level 7. You entered the dungeon 1305 turns ago. You had 93 experience points, 67 more were needed to attain level 5. Your score was 682 before end-of-game adjustments. Basics: You had 0 out of 51 hit points. You had all 5 energy points (spell power). Your armor class was 4. Your wallet contained 10 zorkmids. Autopickup was on for '$' plus thrown. Final Characteristics: Your strength was 18 (limit:18/100). Your dexterity was 10 (limit:20). Your constitution was 19 (limit:20). Your intelligence was 10 (limit:16). Your wisdom was 8 (limit:16). Your charisma was 10 (limit:16). Final Status: You were not hungry. You were unencumbered. You were wielding a spear. You had basic skill with spear. Final Attributes: You were devoutly aligned. You were cold resistant. You had infravision. You were stealthy. You are dead. Miscellaneous: You encountered 1 bones level. Total elapsed playing time was 16 minutes and 41 seconds. Vanquished creatures: a small mimic an iguana a hobbit a large kobold 14 gnomes 4 geckos 2 jackals 2 foxes a kobold a goblin a sewer rat 5 lichens a kobold zombie 5 newts 40 creatures vanquished. No species were genocided or became extinct. Voluntary challenges: You were vegetarian. You read items or engraved 1 time. You never genocided any monsters. You never polymorphed an object. You never changed form. You never touched an artifact. You used no wishes. You never scared an enemy with impunity. You were celibate. You never generated conflict. Achievements: You attained the rank of Skirmisher. You entered a shop. You entered the Gnomish Mines. The Dungeons of Doom: levels 1 to 3 Level 1: Some sinks. Level 2: An altar to Tyr, some fountains. Level 3: An armor shop, a fountain. Stairs down to The Gnomish Mines. The Gnomish Mines: levels 4 to 7 Level 4: Level 5: Level 7: <- You were here. Final resting place for you, killed by a Green-elf, delisma-Bar-Orc-Mal-Cha, killed by a Green-elf, nmlkj-Wiz-Hum-Mal-Cha, killed by a magic missile. Game over: __________ / \ / REST \ / IN \ / PEACE \ / \ | delisma | | 10 Au | | killed by a | | Green-elf | | | | | | 2022 | *| * * * | * _________)/\\_//(\/(/\)/\//\/|_)_______ Farvel delisma the Valkyrie... You died in The Gnomish Mines on dungeon level 7 with 681 points, and 10 pieces of gold, after 1305 moves. You were level 4 with a maximum of 51 hit points when you died.